 Dungeon Crawl Stone Soup version 0.23.2-1-ga50397a6bc (webtiles) character file.

Game seed: 5676863497662721306

81 Mrkan the Ruffian (level 4, -8/44 HPs)
             Began as a Troll Monk on May 22, 2019.
             Mangled by a gnoll
             ... wielding a +0 spear
              (10 damage)
             ... on level 3 of the Dungeon.
             The game lasted 00:02:11 (1517 turns).

Mrkan the Ruffian (Troll Monk)                      Turns: 1517, Time: 00:02:11

Health: -8/44      AC:  6    Str: 19    XL:     4   Next: 20%
Magic:  3/3        EV: 10    Int:  6    God:
Gold:   153        SH:  0    Dex: 13    Spells: 3/3 levels left

rFire    . . .     SeeInvis .     - Unarmed
rCold    . . .     Gourm    +   (no shield)
rNeg     . . .     Faith    .   a - +0 robe
rPois    .         Spirit   .   (helmet restricted)
rElec    .         Reflect  .   (no cloak)
rCorr    .         Harm     .   (gloves unavailable)
MR       .....                  (boots unavailable)
Stlth    ++........             (no amulet)
HPRegen  0.54/turn              (no ring)
MPRegen  0.08/turn              (no ring)

@: no status effects
A: large, unfitting armour, claws 3, fast metabolism 3, gourmand, regeneration
1, shaggy fur 1, tough skin 3
a: no special abilities


You were on level 3 of the Dungeon.
You were not hungry.

You visited 1 branch of the dungeon, and saw 3 of its levels.

You collected 153 gold pieces.

Inventory:

Missiles
 h - 20 stones (quivered)
Armour
 a - a +0 robe (worn)
Jewellery
 j - an uncursed ring of see invisible {unknown}
Scrolls
 c - 4 scrolls of remove curse {unknown}
 d - 2 scrolls of magic mapping {unknown}
 e - a scroll of noise {unknown}
 g - a scroll of amnesia {unknown}
Potions
 f - a potion of ambrosia {unknown}
 i - 2 potions of curing {unknown}
 k - a potion of heal wounds {unknown}
Comestibles
 b - 8 rations


   Skills:
 - Level 2.4 Fighting
 - Level 2.4 Dodging
 - Level 1.0 Stealth
 * Level 5.1 Unarmed Combat


You had 3 spell levels left.
You didn't know any spells.
Your spell library was empty.

Dungeon Overview and Level Annotations

Branches:
Dungeon (3/15)

Altars:


Innate Abilities, Weirdness & Mutations

You are too large for most types of armour.
You have claws for hands.
Your metabolism is lightning-fast.
You like to eat raw meat.
Your natural rate of healing is unusually fast.
You are covered in fur. (AC +1)
You have extremely tough skin. (AC +3)


Message History

* * * LOW HITPOINT WARNING * * *
You see here a +0 club.
You scratch the gnoll.
The gnoll is moderately wounded.
The gnoll hits you from afar with a +0 spear.
* * * LOW HITPOINT WARNING * * *
The gnoll hits you but does no damage.
You claw the gnoll!
You kill the gnoll!
The gnoll closely misses you. The gnoll hits you with a +0 spear.
* * * LOW HITPOINT WARNING * * *
You see here a +0 spear.
You closely miss the gnoll. The gnoll hits you with a +0 spear!
* * * LOW HITPOINT WARNING * * *
You claw the gnoll!
The gnoll is almost dead.
The gnoll closely misses you.
The gnoll hits you from afar with a +0 spear!
You die...

#..##.#
###..##.#
........#
#..#..#
##.....# ###
#.....## ....
##....# ...!
##.#.####..##..
#.#..@)gg.....
#.######r.....
##'## .....
##...## ....
#<....# ...
#.......# ..
#.........# .
+.........+
#.........#


You could see 2 gnolls and a rat.

Vanquished Creatures
  2 gnolls (D:3)
  2 adders (D:2)
  4 dart slugs
  A leopard gecko (D:2)
  3 giant cockroaches
  3 goblins
  4 hobgoblins
  2 quokkas (D:2)
  A ball python (D:2)
  3 bats (D:1)
  2 frilled lizards (D:1)
  5 kobolds
  5 rats
37 creatures vanquished.

Notes
Turn   | Place    | Note
-------+----------+-------------------------------------------
     0 | D:1      | Mrkan the Troll Monk began the quest for the Orb.
     0 | D:1      | Reached XP level 1. HP: 22/22 MP: 0/0
   189 | D:1      | Reached XP level 2. HP: 29/29 MP: 1/1
   603 | D:1      | Reached skill level 4 in Unarmed Combat
   894 | D:2      | Reached XP level 3. HP: 28/36 MP: 2/2
  1510 | D:3      | Reached skill level 5 in Unarmed Combat
  1510 | D:3      | Reached XP level 4. HP: 21/44 MP: 3/3
  1515 | D:3      | HP: 1/44 [gnoll/+0 spear (8)]
  1517 | D:3      | Mangled by a gnoll

Skill      XL: |  1  2  3 |
---------------+----------+-----
Unarmed Combat | 4 5 |  5.1
Fighting       | |  2.4
Dodging        | |  2.4
Stealth        | |  1.0

Action                   |  1- 3 |  4- 6 || total
-------------------------+-------+-------++-------
Melee: Unarmed           |    92 |     4 ||    96
       Punch             |     3 |       ||     3
 Stab: Sleeping          |     5 |       ||     5
  Eat: Chunk             |     9 |       ||     9
       Ration            |     1 |       ||     1
Armor: Robe              |    28 |     1 ||    29
Dodge: Dodged            |    46 |     3 ||    49
